 Dungeon Crawl Stone Soup version 0.30-a0-897-ga2f19c967e (webtiles) character file.

Game seed: 13290610202375545022

56 GordonOverkill the Cudgeller (level 4, -1/20 (38) HPs)
             Began as a Meteoran Reaver on Mar 18, 2023.
             Was an Initiate of the Shining One.
             Slain by a gnoll
             ... wielding a +0 spear
              (4 damage)
             ... on level 5 of the Dungeon.
             The game lasted 00:09:03 (1584 turns).

GordonOverkill the Cudgeller (Meteoran Reaver)      Turns: 1584, Time: 00:09:03

HP:   -1/20 (38)    AC:  6    Str: 16    XL:     4   Next: 37%
MP:   9/9           EV: 11    Int: 14    God:    the Shining One [......]
Gold: 145           SH:  0    Dex: 12    Spells: 8/9 levels left

rFire   . . .      SeeInvis .    a - +0 mace
rCold   . . .      Faith    .    (no shield)
rNeg    . . .      Spirit   .    l - +0 ring mail
rPois   .          Reflect  .    (no helmet)
rElec   .          Rampage  .    (no cloak)
rCorr   .                        h - +0 pair of gloves
Will    .....                    (no boots)
Stlth   +                        (no amulet)
HPRegen 0.23/turn                (no ring)
MPRegen 0.11/turn                (no ring)

@: glowing, very heavily drained
A: sense surroundings 1, otherworldly, glowing, explore regen
a: Renounce Religion


You were on level 5 of the Dungeon.
You worshipped the Shining One.
The Shining One was noncommittal.
You visited 1 branch of the dungeon, and saw 5 of its levels.

You collected 145 gold pieces.

Inventory:

Hand Weapons
 a - a +0 mace (weapon)
 k - a +2 war axe of pain
Armour
 b - a +0 chain mail
 h - a +0 pair of gloves (worn)
 l - a +0 ring mail (worn)
Scrolls
 d - a scroll of teleportation {unknown}
 f - 4 scrolls of identify {unknown}
 m - a scroll of poison {unknown}
 p - a scroll of vulnerability {unknown}
Potions
 c - a potion of resistance {unknown}
 e - a potion of curing {unknown}
 g - 2 potions of berserk rage {unknown}
 i - 2 potions of might {unknown}
 j - 2 potions of degeneration {unknown}
 n - a potion of cancellation {unknown}
 o - a potion of invisibility {unknown}
 q - a potion of brilliance {unknown}
 r - 2 potions of heal wounds {unknown}


   Skills:
 - Level 3.0 Fighting
 + Level 4.9 Maces & Flails
 - Level 3.0 Dodging
 - Level 3.0 Spellcasting
 - Level 4.0 Conjurations
 + Level 0.0 Invocations


You had 8 spell levels left.
You knew the following spells:

 Your Spells              Type           Power      Damage    Failure   Level
a - Kiss of Death         Conj/Necr      28%        2d7       19%         1

Your spell library contained the following spells:

 Spells                   Type           Power      Damage    Failure   Level
 Momentum Strike          Conj/Tloc      14%        3d8       26%         2
 Hailstorm                Conj/Ice       7%         3d4       47%         3


Dungeon Overview and Level Annotations

Branches:
Dungeon (6/15) Zot: 1392
 Temple: D:4-7

Altars:
Uskayaw
The Shining One


Innate Abilities, Weirdness & Mutations

You passively map a small area around you.
You are easily found by Zot.
You glow in the dark.
You regain HP and MP as you explore.


Message History

A gnoll comes into view. It is wielding a +0 halberd.
A gnoll comes into view. It is wielding a +0 spear.
The gnoll shouts!
The gnoll hits you with a +0 whip.
Really attack while wielding your +2 war axe of pain?
This could place you under penance! [Y]es or [N]o only, please.
Really attack while wielding your +2 war axe of pain?
This could place you under penance! [Y]es or [N]o only, please.
Really attack while wielding your +2 war axe of pain?
This could place you under penance! [Y]es or [N]o only, please.
Really attack while wielding your +2 war axe of pain?
This could place you under penance! [Y]es or [N]o only, please.
Really attack while wielding your +2 war axe of pain?
This could place you under penance!
Okay, then.
a - a +0 mace (weapon)
You hit the gnoll.
The gnoll is lightly wounded.
The gnoll barely misses you. The gnoll hits you with a +0 whip.
The gnoll hits you but does no damage.
Casting: Kiss of Death (safe; 19% risk of failure)
Confirm with . or Enter, or press ? or * to list all spells.
Casting this spell will place you under penance.
Really cast?
Okay, then.
You barely miss the gnoll. The gnoll completely misses you.
The gnoll closely misses you. The gnoll barely misses you.
You hit the gnoll but do no damage. The gnoll barely misses you.
The gnoll hits you but does no damage. The gnoll closely misses you.
You closely miss the gnoll. The gnoll barely misses you.
The gnoll closely misses you.
The gnoll hits you from afar with a +0 spear.
* * * LOW HITPOINT WARNING * * *
The gnoll barely misses you.
The gnoll hits you but does no damage. x2
You closely miss the gnoll. The gnoll hits you with a +0 halberd.
* * * LOW HITPOINT WARNING * * *
The gnoll closely misses you. The gnoll misses you.
You barely miss the gnoll. The gnoll barely misses you.
The gnoll hits you with a +0 whip.
* * * LOW HITPOINT WARNING * * *
The gnoll hits you from afar with a +0 spear.
You die...

#.....#...#
#....8#####
#....##
##...#
#..## #..#
##..##
#..g.# *
###.@#
#..g.#
##..g.#*
##....# *
#....#
#..... *
##....# *
*##... ,


You could see 3 gnolls.

Vanquished Creatures
  2 adders (D:2)
  A worm (D:2)
  2 dart slugs
  A ball python (D:1)
  2 bats
  2 endoplasms
  2 giant cockroaches (D:2)
  6 goblins
  3 hobgoblins
  A quokka (D:1)
  2 frilled lizards
  2 kobolds (D:3)
  4 rats
30 creatures vanquished.

Vanquished Creatures (others)
  5 plants (D:2)
5 creatures vanquished.

Grand Total: 35 creatures vanquished

Notes
Turn   | Place    | Note
-------+----------+-------------------------------------------
     0 | D:1      | GordonOverkill the Meteoran Reaver began the quest for the
                  | Orb.
     0 | D:1      | Reached XP level 1. HP: 17/17 MP: 5/5
   149 | D:1      | Reached XP level 2. HP: 9/18 MP: 4/6
   494 | D:1      | Glimpsed the power of Zot.
   544 | D:1      | Glimpsed the power of Zot.
   947 | D:2      | Reached XP level 3. HP: 13/19 MP: 8/8
  1087 | D:2      | Glimpsed the power of Zot.
  1265 | D:2      | Reached XP level 4. HP: 18/19 MP: 9/9
  1366 | D:3      | Found a hide-covered altar of Uskayaw.
  1537 | D:3      | You fall into a shaft and drop 3 floors!
  1548 | D:5      | Entered Level 5 of the Dungeon
  1562 | D:5      | Found a glowing golden altar of the Shining One.
  1566 | D:5      | Became a worshipper of the Shining One
  1584 | D:5      | Slain by a gnoll

Illustrated notes

Levels and vault maps discovered:
D:1:      dpeg_cavernosity, layout_basic, minivault_19
D:2:      layout_loops_ring, serial_bayou_pond_a, serial_bayou_pond_c
D:3:      layout_basic, general_overflow_altar
D:5:      layout_basic, old_standard_altar, nicolae_tso_carved_into_rock,
          nicolae_nh_ransacked_shop
D:6:      layout_rooms, lemuel_coloured_pillars_altar, serial_shops,
          shop_fountains, uniq_menkaure

Skill      XL: |  1  2  3  4 |
---------------+-------------+-----
Spellcasting   | 3 |  3.0
Conjurations   | 4 |  4.0
Dodging        | 3 |  3.0
Fighting       | 3 |  3.0
Maces & Flails | |  4.9

Action                     |  1- 3 |  4- 6 || total
---------------------------+-------+-------++-------
  Melee: Mace              |    24 |     6 ||    30
         War axe           |    32 |    13 ||    45
         Punch             |     1 |     1 ||     2
   Cast: Kiss of Death     |     7 |       ||     7
 Armour: Leather armour    |     6 |       ||     6
         Ring mail         |    19 |    10 ||    29
  Dodge: Dodged            |    38 |    16 ||    54

Table legend: (Time is in decaauts)
 A = Elapsed time spent in this place.
 B = Non-inter-level travel time spent in this place.
 C = Inter-level travel time spent in this place.
 D = Time resting spent in this place.
 E = Time spent auto-exploring this place.
 F = Levels seen in this place.
 G = Mean time per level.
                   A        B        C        D        E       F      G
               +--------+--------+--------+--------+--------+-----+--------+
         Total |   1606 |   1462 |    144 |      0 |    290 |   5 |  321.2 |
       Dungeon |   1606 |   1462 |    144 |      0 |    290 |   5 |  321.2 |
               +--------+--------+--------+--------+--------+-----+--------+

Top non-repeatable levels by time:
     D:1: 935 daAuts
     D:3: 392 daAuts
     D:2: 232 daAuts
     D:5: 35 daAuts
     D:6: 10 daAuts
